Unix NetHack Version 3.7.0-101 Work-in-progress - last build Mar 4 2024 02:26:32 (3c4ac04b664b9ee0831c739617f054b5b60dbfd1,branch:master). Game began 2024-03-05 08:39:58, ended 2024-03-05 09:00:32. elenmirie, neutral female gnomish Archeologist --- --- --- ----------<-----..| --.- ----.................-- ------ --....-- -----....---..--......-...---.--.-- |.....@| --- |.--....-- --................| |.---dq-- --.-- |.^......| ----*...........-- --- --..|------...-------------.......-- --.......----- |..^--.................|.|........-- |......-- --......--....[.------......... ...-- --....| ....----......--|..--^...........^--------- ----.- -..- |.........--.....................--..----- --. -.- |............................---.......|.-- |......--...............-......|..........|.-- --....*...........................-----......-- -.---................%...........| --.......| .-- .......--........|.--.......| |........| -...-------..|.----|...--..| |........-- -..| ------ -------- --..---...| |..| --- --.-- ---- --- Elenmirie the Field Worker St:13 Dx:10 Co:13 In:18 Wi:13 Ch:11 Neutral Dlvl:4 $:0 HP:0(24) Pw:17(17) AC:9 Xp:4/93 T:3593 Burdened Latest messages: Yermak grows up into a large dog. You have a little trouble lifting A - a dagger (2 in total). Yermak eats a dwarf corpse. You find a rust trap. You see here a whistle. You see here a whistle. You have a little trouble lifting E - a whistle. What do you want to use or apply? [aegpqtv-xEP or ?*] E You produce a high whistling sound. What do you want to call? [eqvE or ?*] E Call a whistle: tin Yermak bites the rothe. The rothe is killed! Yermak eats a rothe corpse. You lash the rothe. The rothe hits! The rothe bites! The rothe bites again! The rothe hits! The rothe bites! The rothe bites again! Are you sure you want to pray? [yn] (n) y You begin praying to Camaxtli. You are surrounded by a shimmering light. The rothe starts to attack you, but pulls back. The rothe starts to attack you, but pulls back. You finish your prayer. You feel that Camaxtli is well-pleased. You feel much better. The rothe hits! The rothe bites! The rothe bites again! You lash the rothe. The rothe hits! The rothe bites! The rothe bites again! Yermak bites the rothe. The rothe hits Yermak. The rothe misses Yermak. The rothe misses Yermak. You miss the rothe. The rothe hits! The rothe bites! The rothe bites again! You die... Do you want your possessions identified? [ynq] (y) y Do you want to see your attributes? [ynq] (y) y Do you want an account of creatures vanquished? [ynaq] (y) y Do you want to see your conduct and achievements? [ynq] (y) y Do you want to see the dungeon overview? [ynq] (y) y Inventory: Weapons A - 2 uncursed +0 daggers a - an uncursed +2 bullwhip (weapon in right hand) Armor c - an uncursed +0 fedora (being worn) b - an uncursed +0 leather jacket (being worn) Comestibles d - 4 uncursed food rations u - 2 uncursed tripe rations Wands p - an uncursed wand of digging (0:7) v - an uncursed wand of opening (0:3) q - an uncursed wand of slow monster (0:2) Tools w - an uncursed sack containing 17 items e - an uncursed skeleton key P - an uncursed stethoscope E - an uncursed tin whistle t - an uncursed tinning kit (0:69) x - an uncursed towel Gems/Stones g - an uncursed touchstone Contents of the sack: 2081 gold pieces an uncursed scroll of amnesia a blessed scroll of confuse monster a blessed scroll of enchant armor an uncursed scroll of enchant armor a cursed scroll of enchant weapon a cursed scroll of gold detection 2 uncursed scrolls of identify an uncursed scroll of scare monster an uncursed spellbook of detect food 2 uncursed potions of blindness an uncursed potion of enlightenment 3 uncursed potions of healing an uncursed potion of object detection a cursed potion of polymorph an uncursed potion of see invisible an uncursed +0 pick-axe Elenmirie the Archeologist's attributes: Background: You were a Field Worker, a level 4 female gnomish Archeologist. You were neutral, on a mission for Camaxtli who was opposed by Quetzalcoatl (lawful) and Huhetotl (chaotic). You were right-handed. You were in the Gnomish Mines, on level 4. You entered the dungeon 3593 turns ago. You had 93 experience points, 67 more were needed to attain level 5. Basics: You had 0 out of 24 hit points. You had all 17 energy points (spell power). Your armor class was 9. Your wallet was empty, but you had 2081 zorkmids stashed away in your pack. Autopickup was on for '$' plus thrown. Final Characteristics: Your strength was 13 (limit:18/50). Your dexterity was 10 (limit:18). Your constitution was 13 (limit:18). Your intelligence was 18 (limit:19). Your wisdom was 13 (limit:18). Your charisma was 11 (limit:18). Final Status: You weren't hungry. You were burdened; movement was slightly slowed. You were wielding a whip. You had basic skill with whip. Final Attributes: You were piously aligned. You had automatic searching. You had infravision. You are dead. Miscellaneous: You never encountered a bones level. Total elapsed playing time was 20 minutes and 32 seconds. Major events: Turn 1: elenmirie the neutral female gnomish Archeologist entered the dungeon 886: entered the Gnomish Mines 1542: attained the rank of Field Worker (level 3) 3593: killed by a rothe Vanquished creatures: a wood nymph a fog cloud a gnome leader 2 kittens a dwarf a rothe an orc zombie an iguana 5 acid blobs 2 coyotes a hobbit 6 manes 2 large kobolds 2 yellow molds a green mold 2 gnomes a gnome zombie 2 geckos 7 jackals a fox a kobold a goblin 2 sewer rats 2 grid bugs a bat 8 lichens 3 kobold zombies 5 newts 64 creatures vanquished. No species were genocided or became extinct. Voluntary challenges: You read items or engraved 1 time. You never engraved Elbereth. You never genocided any monsters. You never polymorphed an object. You never changed form. You used no wishes. Achievements: You entered the Gnomish Mines. You attained the rank of Field Worker. You entered a shop. The Dungeons of Doom: levels 1 to 5 Level 1: A sink. Level 2: Some altars to Camaxtli, a fountain. Level 3: A fountain. Stairs down to The Gnomish Mines. Level 4: Some fountains. Level 5: The Gnomish Mines: Level 4: <- You were here. Final resting place for you, killed by a rothe. Game over: ---------- / \ / REST \ / IN \ / PEACE \ / \ | elenmirie | | 2081 Au | | killed by a | | rothe | | | | | | 2024 | *| * * * | * _________)/\\_//(\/(/\)/\//\/|_)_______ Goodbye elenmirie the Archeologist... You died in The Gnomish Mines on dungeon level 4 with 2455 points, and 2081 pieces of gold, after 3593 moves. You were level 4 with a maximum of 24 hit points when you died.